 Dungeon Crawl Stone Soup version 0.28-a0-1429-gf3d713df7a (webtiles) character file.

Game seed: 9250186531283812295

67 Foxy the Sneak (level 4, -11/36 (38) HPs)
             Began as a Naga Enchanter on Jan 9, 2022.
             Mangled by a wight (15 damage)
             ... on level 6 of the Dungeon.
             The game lasted 00:03:47 (3559 turns).

Foxy the Sneak (Naga Enchanter)                     Turns: 3559, Time: 00:03:48

HP:   -11/36 (38)   AC:  2    Str: 10    XL:     4   Next: 18%
MP:   4/7           EV: 10    Int: 18    God:
Gold: 134           SH:  0    Dex: 11    Spells: 2/7 levels left

rFire   . . .      SeeInvis +   a - +1 dagger
rCold   . . .      Faith    .   (no shield)
rNeg    . . .      Spirit   .   b - +0 robe
rPois   +          Reflect  .   (no helmet)
rElec   .          Harm     .   (no cloak)
rCorr   .          Rampage  .   (no gloves)
Will    .....                   (no barding)
Stlth   +++.......              (no amulet)
HPRegen 0.12/turn               (no ring)
MPRegen 0.10/turn               (no ring)

@: confusing by touch, drained, very slow
A: AC +1, large, see invisible, deformed body, poison resistance, slowness 2,
spit poison 1, naga tail 1
a: Spit Poison


You were on level 6 of the Dungeon.
You visited 1 branch of the dungeon, and saw 4 of its levels.

You collected 134 gold pieces.

Inventory:

Hand Weapons
 a - a +1 dagger (weapon)
 n - a +1 short sword of venom
Missiles
 g - 17 poisoned darts
Armour
 b - a +0 robe (worn)
Scrolls
 d - a scroll of identify {unknown}
 f - a scroll of fear {unknown}
 h - a scroll of enchant weapon {unknown}
 k - a scroll of teleportation {unknown}
 m - a scroll of magic mapping {unknown}
Potions
 c - a potion of invisibility
 e - a potion of brilliance {unknown}
 i - 2 potions of magic {unknown}
 j - a potion of mutation {unknown}
 l - a potion of flight {unknown}


   Skills:
 + Level 1.0 Fighting
 * Level 2.0 Short Blades
 + Level 1.8 Dodging
 * Level 5.1 Stealth
 + Level 2.2 Spellcasting
 * Level 3.5 Hexes


You had 2 spell levels left.
You knew the following spells:

 Your Spells              Type           Power      Damage    Failure   Level
a - Ensorcelled Hibernat  Hex/Ice        16%        N/A       13%         2
b - Confusing Touch       Hex            14%        N/A       12%         3

Your spell library contained the following spells:

 Spells                   Type           Power      Damage    Failure   Level
 Tukima's Dance           Hex            14%        N/A       12%         3
 Dazzling Flash           Conj/Hex       16%        N/A       26%         3


Dungeon Overview and Level Annotations

Branches:
Dungeon (3/15)

Altars:


Innate Abilities, Weirdness & Mutations

Your serpentine skin is tough. (AC +1)
You have supernaturally acute eyesight. (SInv)
Armour fits poorly on your strangely shaped body.
Your system is resistant to poisons. (rPois)
You cover ground very slowly.
You can spit poison.
You have a snake-like lower body.


Message History

There is an open door here.
You open the door.
There is an open door here.
You open the door.
There is an open door here.
You open the door.
Found a stone staircase leading down.
There is an open door here.
m - a scroll labelled ORUIMU XIAKON
Found a robe.
A ball python comes into view.
A ball python is nearby!
No reachable target in view!
No reachable target in view!
No reachable target in view!
A ball python is nearby!
No reachable target in view!
No reachable target in view!
No reachable target in view!
A ball python is nearby!
Unknown command.
An orc comes into view. It is wielding a +0 flail.
A sourceless malevolence fills the Dungeon...
You fall into a shaft and drop 3 floors!
The shaft crumbles and collapses.
Found an escape hatch in the floor.
Found a runed short sword.
A wight comes into view. It is wielding a +5 mace.
An orc and a wight come into view.
You see here a +1 short sword of venom.
n - a +1 short sword of venom
Casting: Ensorcelled Hibernation (safe; 13% risk of failure)
Confirm with . or Enter, or press ? or * to list all spells.
Your hands begin to glow red.
You hit the wight but do no damage. The wight hits you with a +5 mace!
You barely miss the wight. The wight hits you with a +5 mace!
You feel drained.
You closely miss the wight. The wight hits you with a +5 mace!
* * * LOW HITPOINT WARNING * * *
You hit the wight but do no damage. The wight hits you with a +5 mace!
You die...

.. .# .# .# .# .#
###.# .#### #.@.#
......######z###.#
.................#
.......#####.###.###
..###..#####.###....
.................
.....>.###.###.#..
..##z#. #.# . #.#o
#..


You could see a wight.

Vanquished Creatures
  2 adders
  5 endoplasms
  3 giant cockroaches
  5 goblins
  7 hobgoblins
  2 jackals (D:2)
  4 ball pythons
  6 bats
  4 frilled lizards
  3 kobolds
  5 rats
46 creatures vanquished.

Notes
Turn   | Place    | Note
-------+----------+-------------------------------------------
     0 | D:1      | Foxy the Naga Enchanter began the quest for the Orb.
     0 | D:1      | Reached XP level 1. HP: 15/15 MP: 3/3
   505 | D:1      | Found a faded altar of an unknown god.
   539 | D:1      | Reached XP level 2. HP: 6/22 MP: 5/5
  1188 | D:1      | Learned a level 2 spell: Ensorcelled Hibernation
  2011 | D:2      | Reached skill level 5 in Stealth
  2011 | D:2      | Reached XP level 3. HP: 18/30 MP: 1/6
  2432 | D:2      | Learned a level 3 spell: Confusing Touch
  3340 | D:3      | Reached XP level 4. HP: 36/37 MP: 7/7
  3453 | D:3      | Reached skill level 1 in Fighting
  3538 | D:3      | You fall into a shaft and drop 3 floors!
  3559 | D:6      | Mangled by a wight

Illustrated notes

Levels and vault maps discovered:
D:1:      minmay_arrival_solitary_statue, layout_loops_ring,
          shapermc_ecumenical_altar_venn, minmay_misc_feat_cross,
          minmay_misc_feat_roman
D:2:      layout_rooms, grunt_ministairs_15, grunt_decor_mini_mirrors,
          kennysheep_generic_room_5
D:3:      layout_basic, chequers_temple_overflow_statue_of_worship, minmay_puff
D:6:      cheibrodos_helix_gallery, layout_loops_ring, minmay_ogre_servants,
          uniq_eustachio

Skill      XL: |  1  2  3  4 |
---------------+-------------+-----
Stealth        | 5 |  5.1
Fighting       | 1 |  1.0
Short Blades   | 2 |  2.0
Dodging        | |  1.8
Spellcasting   | |  2.2
Hexes          | |  3.5

Action                   |  1- 3 |  4- 6 || total
-------------------------+-------+-------++-------
Melee: Dagger            |   137 |    12 ||   149
       Punch             |     2 |     1 ||     3
 Cast: Ensorcelled Hiber |     4 |       ||     4
       Confusing Touch   |       |     1 ||     1
 Abil: Spit Poison       |    19 |       ||    19
 Stab: Sleeping          |    10 |     1 ||    11
Armor: Robe              |    36 |       ||    36
Dodge: Dodged            |    85 |     3 ||    88

Table legend: (Time is in decaauts)
 A = Elapsed time spent in this place.
 B = Non-inter-level travel time spent in this place.
 C = Inter-level travel time spent in this place.
 D = Time resting spent in this place.
 E = Time spent auto-exploring this place.
 F = Levels seen in this place.
 G = Mean time per level.
                   A        B        C        D        E       F      G
               +--------+--------+--------+--------+--------+-----+--------+
         Total |   4127 |   4018 |    109 |   1401 |   1984 |   4 | 1031.8 |
       Dungeon |   4127 |   4018 |    109 |   1401 |   1984 |   4 | 1031.8 |
               +--------+--------+--------+--------+--------+-----+--------+

Top non-repeatable levels by time:
     D:1: 1882 daAuts
     D:2: 1763 daAuts
     D:3: 454 daAuts
     D:6: 26 daAuts
